Map: Cyber Forest LE

Players

Parkkatz

  • Race: Zerg Zerg
  • League: Platinum
  • Spawn Location: 5:00

SauceBauce - Winner!

  • Race: Terran Terran
  • League: Platinum
  • Spawn Location: 11:00

VOD

Have the link to the VOD?

Description

Time

  • Played on: July 3, 2019, 7:47 p.m.
  • Length: 8:14
Show
View Real Time Build Order
Export as new Build Order

Parkkatz Zerg 

Build Orders: Hatch First 

Get SALT Encoding   

  12  0:01  Drone  
  13  0:15  Overlord  
  13  0:20  Drone  
  14  0:34  Drone x2  
  16  0:38  Drone  
  17  0:52  Drone  
  18  0:59  Hatchery  
  18  1:00  Drone  
  18  1:05  Extractor  
  17  1:12  Drone  
  17  1:17  Spawning Pool  
  17  1:21  Drone  
  18  1:32  Drone  
  19  1:43  Overlord  
  19  2:04  Queen  
  21  2:11  Zergling x2  
  21  2:12  Zergling x4  
  21  2:13  Queen  
  26  2:19  Metabolic Boost  
  27  2:22  Drone  
  27  2:28  Drone  
  27  2:29  Drone  
  29  2:42  Drone x2  
  31  2:46  Drone, Overlord  
  31  2:49  Queen  
  34  2:57  Zergling x2  
  34  2:58  Zergling x2  
  34  3:21  Drone x3  
  34  3:22  Drone x5  
  34  3:23  Drone  
  43  3:35  Hatchery, Drone  
  43  3:43  Baneling Nest  
  43  3:45  Drone x2, Extractor  
  43  3:46  Drone, Extractor  
  43  3:53  Overlord x2  
  43  4:09  Roach Warren  
  42  4:10  Evolution Chamber  
  42  4:12  Drone  
  42  4:13  Drone  
  42  4:15  Drone  
  42  4:16  Drone x2  
  46  4:30  Lair  
  43  4:38  Zergling x2  
  43  4:39  Zergling x16  
  43  4:43  Zerg Missile Weapons Level 1  
  43  4:45  Overlord  
  52  4:49  Drone  
  52  4:52  Queen  
  55  5:02  Drone x5  
  55  5:03  Drone x4  
  64  5:13  Roach  
  70  5:14  Roach x2  
  70  5:25  Roach  
  70  5:27  Overlord x2  
  72  5:33  Drone  
  72  5:35  Glial Reconstitution  
  73  5:45  Roach  
  73  5:46  Roach x7  
  89  5:55  Centrifical Hooks  
  89  5:59  Overlord  
  89  6:00  Overlord  
  89  6:02  Baneling x3  
  89  6:03  Baneling x3  
  89  6:17  Spore Crawler  
  88  6:20  Roach  
  88  6:21  Roach x5  
  88  6:23  Overlord x3  
  100  6:33  Hydralisk Den  
  99  6:41  Queen x2  
  99  6:43  Drone x3  
  99  6:44  Drone x3  
  99  6:45  Zergling x6  
  112  6:58  Zergling x2  
  112  6:59  Zergling x8  
  117  7:09  Overlord  
  117  7:10  Overlord, Evolution Chamber  
  101  7:27  Roach x5  
  81  7:32  Roach  
  68  7:39  Hydralisk x2  
  69  7:44  Roach  
  69  7:45  Roach x2  
Show
View Real Time Build Order
Export as new Build Order

SauceBauce Terran - Winner!

Build Orders: Liberator Opening 

Get SALT Encoding   

  12  0:02  SCV  
  13  0:14  SCV  
  13  0:17  Supply Depot  
  14  0:26  SCV  
  15  0:33  Refinery  
  16  0:45  Barracks  
  16  0:47  SCV  
  16  0:56  Supply Depot  
  16  1:00  SCV  
  17  1:08  Refinery  
  17  1:14  SCV  
  18  1:34  Marine, Orbital Command  
  19  1:43  Factory  
  19  1:58  Barracks Reactor  
  19  2:00  SCV  
  20  2:12  SCV  
  21  2:20  Supply Depot  
  21  2:24  SCV  
  21  2:27  Factory Tech Lab  
  22  2:31  Starport  
  22  2:33  Marine  
  22  2:34  Marine  
  24  2:44  SCV  
  28  2:51  Marine x2  
  28  2:58  SCV  
  28  3:03  Factory Tech Lab  
  28  3:09  Marine x2  
  28  3:10  SCV  
  31  3:22  Siege Tank  
  31  3:26  Banshee  
  31  3:27  Cloaking Field  
  37  3:35  Supply Depot, Marine  
  38  3:52  Liberator, Marine  
  38  3:53  Marine  
  40  3:57  Siege Tank  
  46  4:11  Marine x2  
  48  4:19  Supply Depot, SCV  
  49  4:29  Marine  
  50  4:37  Barracks  
  50  4:38  Siege Tank  
  50  4:44  Marine  
  54  4:55  Banshee  
  54  4:58  SCV  
  58  5:03  Marine x2  
  60  5:07  Supply Depot  
  60  5:11  Widow Mine  
  62  5:23  Marine  
  62  5:26  Barracks Tech Lab  
  63  5:29  Marine  
  63  5:30  Supply Depot  
  64  5:36  Widow Mine  
  64  5:39  Medivac  
  68  5:47  Marine x2  
  70  5:52  Liberator  
  70  5:53  Supply Depot, Marine  
  70  5:54  Stimpack  
  74  6:19  Marine x2  
  74  6:20  Marine  
  77  6:26  Siege Tank  
  77  6:30  Supply Depot  
  77  6:32  Supply Depot  
  80  6:39  Marine  
  81  6:42  Marine x2  
  83  6:54  Medivac  
  83  6:56  SCV  
  82  7:29  Marine x3  
  75  7:39  Siege Tank  
  78  7:46  Marine  
  78  7:47  Marine x2  
Tags
 
Add a new tag
Caveats
  • Supply blocks, unpowered buildings, or Contaminate may cause inaccurate times.
  • Supply counts are checked every 10 seconds.